AoeStats
← Buzz Lightyear

Hill Fort

506529852Analyzed
4v4 RM · 20d ago on Sep 13, 2026· 38m 31s· 8 players
Game mode
Random Map
Map size
Large (8 player)
Population
200
Speed
Normal
Resources
Standard
Victory
Conquest
Starting age
Dark Age
Ending age
Imperial Age
RankedLock teamsTeams togetherTeam positionsShared explorationLock speedFull tech treeHidden civsTurbo modeCheats
Victory
Defeat
🇨🇭 Cumans · Switzerland
1107
+14
🇺🇸 Hindustanis · United States
1098
+14
🇵🇪 Goths · Peru
1094
+14
🇺🇸 Sicilians · United States
1076
+14
🇲🇽 Turks · Mexico
1059
-14
🇨🇦 Armenians · Canada
1057
-14
🇺🇸 Wei · United States
1054
-14
🇺🇸 Ethiopians · United States
1039
-14
CHOCORRAMERO
6:07 Loom
11:48 Feudal Age
12:15 Double-Bit Axe
12:16 Horse Collar
13:38 Wheelbarrow
17:38 Gold Mining
20:33 Castle Age
19:11 Stone Mining
21:26 Bow Saw
21:19 Heavy Plow
21:44 Fletching
23:10 Gold Shaft Mining
23:48 Bodkin Arrow
26:11 Stone Shaft Mining
27:00 Padded Archer Armor
28:36 Ballistics
28:26 Husbandry
28:37 Bloodlines
29:53 Leather Archer Armor
36:22 Imperial Age
35:12 Tuntian
37:42 Ring Archer Armor
b² - 4ac
12:00 Feudal Age
16:16 Castle Age
20:22 Double-Bit Axe
32:18 Bloodlines
32:08 Husbandry
32:19 Scale Barding Armor
32:24 Forging
34:06 Horse Collar
BuddyDudeMan
9:06 Feudal Age
9:19 Loom
10:00 Loom
13:19 Castle Age
13:37 Double-Bit Axe
14:15 Horse Collar
15:25 Gold Mining
24:56 Sanctity
24:55 Forging
24:45 Scale Mail Armor
25:20 Bow Saw
27:21 Redemption
30:36 Devotion
32:19 Atonement
Sgt. Shaftoe
9:03 Loom
11:02 Feudal Age
12:13 Double-Bit Axe
12:10 Horse Collar
19:47 Castle Age
19:43 Fletching
19:55 Padded Archer Armor
20:28 Crossbowman
22:48 Town Watch
26:40 Wheelbarrow
26:06 Town Patrol
26:09 Bodkin Arrow
26:30 Leather Archer Armor
30:35 Thumb Ring
32:23 Hand Cart
Jared G
8:30 Loom
11:02 Feudal Age
18:25 Castle Age
16:57 Double-Bit Axe
16:55 Horse Collar
19:15 Wheelbarrow
20:39 Fletching
22:40 Elite Skirmisher
23:23 Padded Archer Armor
25:36 Bow Saw
28:21 Heavy Plow
29:45 Bodkin Arrow
30:52 Hand Cart
31:35 Leather Archer Armor
38:18 Imperial Age
38:47 Thumb Ring
Prince of Hell
0:34 Loom
11:59 Feudal Age
12:25 Double-Bit Axe
13:49 Town Watch
18:44 Fishing Lines
21:45 Scale Mail Armor
21:56 Forging
23:40 Wheelbarrow
22:58 Gold Mining
22:58 Stone Mining
23:34 Fletching
29:15 Castle Age
30:12 Bow Saw
30:00 Gillnets
30:58 Squires
30:44 Gambesons
30:45 Arson
31:36 Iron Casting
31:17 Chain Mail Armor
33:59 Imperial Age
31:49 Hand Cart
31:36 Town Patrol
31:32 Bodkin Arrow
34:22 First Crusade
35:05 Coinage
35:16 Plate Mail Armor
35:18 First Crusade
35:18 Conscription
34:26 Elite Serjeant
36:31 Blast Furnace
35:47 Capped Ram
cucumbah
10:27 Feudal Age
13:55 Loom
17:45 Castle Age
16:09 Horse Collar
16:40 Double-Bit Axe
17:10 Gold Mining
19:04 Forging
21:54 Scale Barding Armor
26:49 Bow Saw
32:24 Stone Mining
36:11 Imperial Age
34:56 Wheelbarrow
36:12 Gold Shaft Mining
35:30 Fletching
35:42 Padded Archer Armor
38:07 Cavalier
Buzz Lightyear
8:59 Loom
10:58 Feudal Age
19:39 Castle Age
18:06 Horse Collar
18:13 Double-Bit Axe
20:06 Gold Mining
20:07 Town Watch
22:34 Heavy Plow
22:44 Bow Saw
24:03 Wheelbarrow
24:13 Stone Mining
29:19 Imperial Age
28:02 Forging
27:53 Scale Mail Armor
28:30 Anarchy
29:39 Iron Casting
30:52 Conscription
30:48 Squires
31:53 Blast Furnace
33:13 Chain Mail Armor
33:31 Perfusion
Connection lost

Rejoining the realm…

Still unreachable

The connection could not be restored.

Session expired

The server has moved on; the page needs a fresh start.